 Dungeon Crawl Stone Soup version 0.25-a0-413-g3b4b6a4ccc (webtiles) character file.

Game seed: 16720782270485569961, levelgen mode: deterministic

85 Erk the Conjurer (level 4, -1/33 HPs)
             Began as a Human Conjurer on Jan 17, 2020.
             Slain by Natasha (4 damage)
             ... on level 2 of the Dungeon.
             The game lasted 00:09:23 (979 turns).

Erk the Conjurer (Human Conjurer)                    Turns: 979, Time: 00:09:24

Health: -1/33      AC:  2    Str:  8    XL:     4   Next: 75%
Magic:  0/7        EV: 13    Int: 16    God:
Gold:   32         SH:  0    Dex: 14    Spells: 4/7 levels left

rFire    . . .     SeeInvis .   e - +0 spear
rCold    . . .     Gourm    .   (no shield)
rNeg     . . .     Faith    .   a - +0 robe
rPois    .         Spirit   .   (no helmet)
rElec    .         Reflect  .   (no cloak)
rCorr    .         Harm     .   (no gloves)
MR       .....                  (no boots)
Stlth    ++........             (no amulet)
HPRegen  0.11/turn              (no ring)
MPRegen  0.10/turn              (no ring)

@: slowed, very slow
A: no striking features
a: no special abilities


You were on level 2 of the Dungeon.
You were not hungry.

You visited 1 branch of the dungeon, and saw 2 of its levels.

You collected 32 gold pieces.

Inventory:

Hand Weapons
 e - a +0 spear (weapon)
 q - a +0 club
 r - a +0 halberd
 u - a +0 hand axe
Missiles
 b - 55 arrows
 l - 4 silver javelins (quivered)
 x - 4 poisoned darts
Armour
 a - a +0 robe (worn)
 i - a +0 leather armour
 k - a +0 scale mail
 p - a +0 ring mail
 v - a +0 chain mail
Wands
 d - a wand of flame (10)
Scrolls
 f - a scroll of teleportation {unknown}
 j - a scroll of enchant weapon {unknown}
 n - a scroll of fear {unknown}
 o - a scroll of magic mapping {unknown}
 s - a scroll of identify {unknown}
Potions
 g - 2 potions of degeneration {unknown}
 h - 2 potions of ambrosia {unknown}
 m - a potion of magic {unknown}
 t - a potion of might {unknown}
 w - a potion of haste {unknown}
 z - a potion of mutation {unknown}
Comestibles
 c - 3 rations


   Skills:
 + Level 1.8 Fighting
 + Level 2.8 Dodging
 + Level 3.0 Stealth
 - Level 2.0 Spellcasting
 + Level 4.4 Conjurations


You had 4 spell levels left.
You knew the following spells:

 Your Spells              Type           Power        Failure   Level  Hunger
a - Magic Dart            Conj           ###.         3%          1    #......
b - Searing Ray           Conj           ###...       4%          2    ###....

Your spell library contained the following spells:

 Spells                   Type           Power        Failure   Level  Hunger
 Dazzling Flash           Conj/Hex       #.....       26%         3    ###....
 Fulminant Prism          Conj/Hex       #.........   63%         4    #####..
 Iskenderun's Mystic Bla  Conj/Tloc      #.......     63%         4    #####..


Dungeon Overview and Level Annotations

Branches:
Dungeon (2/15)

Altars:

Annotations:
D:2 Natasha


Message History

Confirm with . or Enter, or press ? or * to list all spells.
Aiming: Magic Dart (safe; 3% risk of failure)
Press: ? - help, Shift-Dir - straight line, f/p - Natasha
Aim: Natasha (severely wounded)
The magic dart hits Natasha but does no damage.
Natasha is severely wounded.
The jackal barks!
Natasha claws you.
* * * LOW HITPOINT WARNING * * *
Casting: Magic Dart (safe; 3% risk of failure)
Confirm with . or Enter, or press ? or * to list all spells.
Aiming: Magic Dart (safe; 3% risk of failure)
Press: ? - help, Shift-Dir - straight line, f/p - Natasha
Aim: Natasha (severely wounded)
The magic dart hits Natasha.
Natasha is almost dead.
Natasha howls an incantation.
Natasha shimmers violently.
Natasha claws you.
You die...

.............## #..........#
#..........# #..........#
#....†.....# #.......†..####
##............#
##.######......####.####
.....hh@.......)).......
###.#############)(....#
####...#.#### ..#######....###
.# .####.....#...#### # #####
.....####..<### ...
#####........#########. ##.
.......................
...#######......######........


You could see Natasha and a jackal.

Vanquished Creatures
  Jessica (D:2)
  A gnoll (D:1)
  An adder (D:2)
  An ooze (D:2)
  2 dart slugs (D:1)
  3 leopard geckos (D:1)
  A giant cockroach (D:1)
  4 goblins
  3 hobgoblins
  5 bats (D:1)
  3 frilled lizards
  2 kobolds
  8 rats
35 creatures vanquished.

Notes
Turn   | Place    | Note
-------+----------+-------------------------------------------
     0 | D:1      | Erk the Human Conjurer began the quest for the Orb.
     0 | D:1      | Reached XP level 1. HP: 13/13 MP: 3/3
   149 | D:1      | Reached XP level 2. HP: 20/20 MP: 0/5
   392 | D:2      | Reached skill level 1 in Fighting
   392 | D:2      | Reached XP level 3. HP: 23/26 MP: 1/6
   613 | D:1      | Learned a level 2 spell: Searing Ray
   653 | D:1      | Reached XP level 4. HP: 32/32 MP: 4/7
   923 | D:2      | Noticed Jessica
   928 | D:2      | Killed Jessica
   966 | D:2      | Noticed Natasha
   979 | D:2      | Slain by Natasha

Levels and vault maps discovered:
D:1:      mainiacjoe_arrival_reflecting_pool, layout_basic
D:2:      layout_rooms, lemuel_crystal_altar, minmay_pentomino_o4, uniq_natasha,
          uniq_jessica

Skill      XL: |  1  2  3  4 |
---------------+-------------+-----
Fighting       | 1 |  1.8
Stealth        | 3 |  3.0
Dodging        | |  2.8
Spellcasting   | |  2.0
Conjurations   | |  4.4

Action                   |  1- 3 |  4- 6 || total
-------------------------+-------+-------++-------
Melee: Spear             |     8 |    17 ||    25
 Cast: Magic Dart        |    49 |    20 ||    69
 Stab: Sleeping          |       |     1 ||     1
  Eat: Chunk             |       |     1 ||     1
Armor: Robe              |       |     1 ||     1
Dodge: Dodged            |     7 |     9 ||    16

Table legend:
 A = Non-vault XP
 B = Vault XP
 C = Vault XP percentage of total XP
 D = Non-vault monster count
 E = Vault monster count
 F = Vault count percentage of total count
                 A         B        C        D         E       F
            +---------+---------+-------+---------+---------+-------
      Total |      65 |      57 |  46.7 |      32 |       3 |   8.6
            +---------+---------+-------+---------+---------+-------
        D:1 |      55 |       0 |   0.0 |      25 |       0 |   0.0
        D:2 |      10 |      57 |  85.1 |       7 |       3 |  30.0
            +---------+---------+-------+---------+---------+-------
